 Dungeon Crawl Stone Soup version 0.21.1-1-g345015fe64 (webtiles) character file.

108 Ethylacetat the Poker (level 4, 0/37 HPs)
             Began as a Demonspawn Chaos Knight on June 3, 2018.
             Succumbed to an adder's poison
             ... on level 2 of the Dungeon.
             The game lasted 00:30:32 (1655 turns).

Ethylacetat the Poker (Demonspawn Chaos Knight)     Turns: 1655, Time: 00:30:33

Health: 0/37       AC:  9    Str: 14    XL:     4   Next: 58%
Magic:  0/4        EV: 11    Int: 13    God:    Xom [..*...]
Gold:   81         SH:  0    Dex: 12    Spells: 3/3 levels left

rFire    x . .     SeeInvis .   a - +0 spear (chaos)
rCold    + . .     Gourm    .   (no shield)
rNeg     . . .     Faith    .   b - +2 leather armour
rPois    .         Spirit   +   (helmet restricted)
rElec    .         Reflect  .   (no cloak)
rCorr    .         Harm     .   (no gloves)
MR       .....                  i - +1 pair of boots
Stlth    +.........             (no amulet)
HPRegen  0.12/turn              h - ring of ice
MPRegen  0.09/turn              (no ring)

@: confused, lethally poisoned (0 -> -2), berserk cooldown, hasted and slowed
A: horns 1, molten scales 1, magic shield
a: Renounce Religion


You were on level 2 of the Dungeon.
You worshipped Xom.
You were a toy of Xom.
You were not hungry.

You visited 1 branch of the dungeon, and saw 2 of its levels.

You collected 81 gold pieces.

Inventory:

Hand Weapons
 a - a +0 spear of chaos (weapon)
Armour
 b - a +2 leather armour (worn)
 i - a +1 pair of boots (worn)
 m - a -2 scale mail
Jewellery
 h - a ring of ice (left hand)
Scrolls
 k - a scroll of magic mapping
 l - a scroll of fog
 n - a scroll of remove curse
Potions
 d - a potion of berserk rage
 e - 2 potions of haste
 g - 2 potions of flight {unknown}
 j - a potion of resistance {unknown}
Comestibles
 c - 2 rations
 f - 4 chunks of flesh


   Skills:
 + Level 3.7 Fighting
 * Level 4.0 Polearms
 - Level 2.4 Armour
 - Level 1.0 Dodging
 - Level 0.3 Stealth


You had 3 spell levels left.
You didn't know any spells.

Dungeon Overview and Level Annotations

Branches:
Dungeon (2/15)

Altars:

Annotations:
D:2 Sigmund


Innate Abilities, Weirdness & Mutations

You have a pair of small horns on your head.
You are partially covered in molten scales. (AC +2)
When hurt, damage is shared between your health and your magic reserves.


Message History

You are too injured to fight recklessly!
You feel a strong urge to attack something.
Something hits you.
* * * LOW HITPOINT WARNING * * *
You bump into the rock wall.
You bump into the rock wall.
You feel your anger nearly subside.
You feel sick. Something completely misses you.
You bump into the rock wall.
You are no longer berserk.
You are exhausted.
You feel yourself slow down. Something hits you.
* * * LOW HITPOINT WARNING * * *
You bump into the rock wall.
You barely miss something. Something hits you!
* * * LOW HITPOINT WARNING * * *
You bump into the rock wall.
You die...
Xom titters!

******** *****#######.####)#
,,***** #.# #.# ,,,,8,** #.# #.#
,,,,,,,* #.# #.# ***+**** #.# #.#
,,,,,,,* #.# #.# ###
*8,,,,,****** #.# #.####..
,8,_,8***,,,* #######.# #.......
**,⌠,******,* #.@.....# ##)>....
******<* *,* #{####### #.##...
*,* *,* *,* #.# #.#.... *,* *,*
*,**#.#* #.##... *,* *<* *,*,...*
#.###.. *,* *,*
*,,,...*********#.#*#..
*,****,****,*##.#.,,,,,,,.......#
*,,,,,,,,,,,* #.##,,,,,,,...#####
***********,**#.#,*******#***


There were no monsters in sight!

Vanquished Creatures
  7 adders (D:2)
  2 worms (D:2)
  A leopard gecko (D:2)
  2 ball pythons (D:2)
  A giant cockroach (D:2)
  2 goblins
  8 hobgoblins
  3 kobolds
  5 bats
  3 frilled lizards (D:2)
  5 rats
39 creatures vanquished.

Notes
Turn   | Place    | Note
-------+----------+-------------------------------------------
     0 | D:1      | Ethylacetat the Demonspawn Chaos Knight began the quest for the Orb.
     0 | D:1      | Reached XP level 1. HP: 18/18 MP: 1/1
   270 | D:1      | XOM: divination: detect items
   367 | D:1      | XOM: harmless Ice miscast
   454 | D:1      | XOM: silly message
   508 | D:1      | Gained mutation: You have a pair of small horns on your head. [demonic ancestry]
   508 | D:1      | Reached XP level 2. HP: 24/24 MP: 2/2
   605 | D:1      | Reached skill level 3 in Polearms
   994 | D:2      | Gained mutation: You are partially covered in molten scales. (AC +2) [demonic ancestry]
   994 | D:2      | Reached XP level 3. HP: 16/29 MP: 3/3
  1119 | D:2      | XOM: divination: detect items
  1300 | D:2      | XOM: divination: detect items
  1343 | D:2      | Reached skill level 1 in Dodging
  1446 | D:2      | Gained mutation: When hurt, damage is shared between your health and your magic reserves. [demonic ancestry]
  1446 | D:2      | Reached XP level 4. HP: 23/35 MP: 4/4
  1585 | D:2      | XOM: silly message
  1634 | D:2      | Noticed Sigmund
  1644 | D:2      | Reached skill level 4 in Polearms
  1654 | D:2      | HP: 1/37 [something (6)]
  1655 | D:2      | Succumbed to an adder's poison

Skill      XL: |  1  2  3  4 |
---------------+-------------+-----
Armour         | 2 |  2.4
Polearms       | 3 4 |  4.0
Dodging        | 1 |  1.0
Fighting       | |  3.7
Stealth        | |  0.3

Action                   |  1- 3 |  4- 6 || total
-------------------------+-------+-------++-------
Melee: Spear             |   124 |    27 ||   151
       Headbutt          |     7 |     5 ||    12
  Use: Scroll            |       |     4 ||     4
       Potion            |       |     2 ||     2
 Stab: Sleeping          |     2 |       ||     2
       Paralysed         |     1 |       ||     1
  Eat: Chunk             |     2 |       ||     2
Armor: Leather armour    |    24 |     6 ||    30
Dodge: Dodged            |    51 |     8 ||    59
